 Dungeon Crawl Stone Soup version 0.19.4-10-g532645f (webtiles) character file.

79 HeyBub the Poker (level 4, 0/24 HPs)
             Began as a Vine Stalker Monk on Feb 23, 2017.
             Killed by divine providence
             ... invoked by an orc priest
              (11 damage)
             ... on level 3 of the Dungeon.
             The game lasted 00:03:00 (1405 turns).

HeyBub the Poker (Vine Stalker Monk)                Turns: 1405, Time: 00:03:01

Health: 0/24       AC:  3    Str: 15    XL:     4   Next: 37%
Magic:  0/5        EV: 13    Int: 10    God:
Gold:   93         SH:  0    Dex: 16    Spells: 0 memorised, 3 levels left

rFire  . . .     SeeInvis .     a - +0 spear
rCold  . . .     Gourm    .     f - +0 leather armour
rNeg   . . .     Faith    .     (no shield)
rPois  .         Spirit   +     (no helmet)
rElec  .         Reflect  .     (no cloak)
rCorr  .         Harm     .     (no gloves)
MR     +....                    (no boots)
Stlth  ++........               (no amulet)
                                (no ring)
                                s - ring of protection from magic

@: no status effects
A: fangs 2, deterioration 1, regeneration 1, magic shield, antimagic bite, no
device heal 3, rot immunity
a: no special abilities


You were on level 3 of the Dungeon.
You were near starving.

You visited 1 branch of the dungeon, and saw 3 of its levels.

You collected 93 gold pieces.

Inventory:

Hand Weapons
 a - a +0 spear (weapon)
Armour
 b - a +0 robe
 f - a +0 leather armour (worn)
Jewellery
 s - a ring of protection from magic (left hand)
Scrolls
 d - 5 scrolls of remove curse
 g - a scroll of immolation {unknown}
 h - a scroll of fear {unknown}
 i - 2 scrolls of teleportation
 l - a scroll of blinking
 r - a scroll of noise
 t - a scroll of magic mapping {unknown}
Potions
 e - 4 potions of curing {unknown}
 k - a potion of might
 q - a potion of degeneration {unknown}
Comestibles
 c - 2 bread rations
 j - 4 fruits
 m - 2 slices of pizza
 n - 2 beef jerkies
 o - 3 meat rations


   Skills:
 + Level 3.0 Fighting
 * Level 3.5 Polearms
 + Level 0.4 Armour
 + Level 2.8 Dodging
 + Level 3.4 Stealth


You had 3 spell levels left.
You didn't know any spells.

Dungeon Overview and Level Annotations

Branches:
Dungeon (3/15)

Altars:


Innate Abilities, Weirdness & Mutations

You have extremely sharp teeth.
Your natural rate of healing is unusually fast.
When hurt, damage is shared between your health and your magic reserves.
Your bite disrupts and absorbs the magic of your enemies.
Potions and wands cannot restore your health.
You are immune to rotting.
Your body sometimes deteriorates upon taking damage.


Message History

The orc priest hits you with a falchion of holy wrath.
You barely miss the orc priest. You bite the orc priest. You drain its power.
You feel invigorated.
The orc priest is heavily wounded.
The orc priest casts a cantrip, but nothing happens.
You barely miss the orc priest.
The orc priest is heavily wounded.
The orc priest mumbles some strange prayers to Beogh against you.
Beogh smites you!
Ouch! That really hurt!
You hit the orc priest.
The orc priest is severely wounded.
The orc priest begins to cast a cantrip, but forgets the words!
You hit the orc priest.
The orc priest is severely wounded.
You barely miss the orc priest.
The orc priest is severely wounded.
The orc priest calls down the wrath of Beogh upon you.
Beogh smites you!
You die...

#.# #.# #.# #.#
#.# #o# #o# #@#
#.# #.# #.# #.#
#.##############
#.....)......).#
##############.#
#.#


You could see an orc priest and an orc.

Vanquished Creatures
  An adder (D:3)
  An ooze (D:2)
  2 worms (D:2)
  3 dart slugs
  2 leopard geckos (D:1)
  3 orcs (D:3)
  A giant cockroach (D:1)
  7 goblins
  5 hobgoblins
  6 jackals (D:2)
  4 kobolds (D:1)
  A ball python (D:2)
  3 bats
  5 frilled lizards
  2 rats (D:1)
46 creatures vanquished.

Notes
Turn   | Place    | Note
-------+----------+-------------------------------------------
     0 | D:1      | HeyBub the Vine Stalker Monk began the quest for the Orb.
     0 | D:1      | Reached XP level 1. HP: 11/11 MP: 2/2
   264 | D:1      | Reached XP level 2. HP: 14/16 MP: 3/3
   483 | D:1      | Reached XP level 3. HP: 19/19 MP: 4/4
   907 | D:2      | Found a faded altar of an unknown god.
  1196 | D:2      | Gained mutation: Your natural rate of healing is unusually fast. [Vine Stalker growth]
  1196 | D:2      | Reached XP level 4. HP: 24/24 MP: 5/5
  1278 | D:3      | Gained mutation: You possess an exceptional clarity of mind. [potion of mutation]
  1278 | D:3      | Lost mutation: You possess an exceptional clarity of mind. [potion of mutation]
  1278 | D:3      | Gained mutation: Your body sometimes deteriorates upon taking damage. [potion of mutation]
  1405 | D:3      | Killed from afar by an orc priest

Skill      XL: |  1  2  3 |
---------------+----------+-----
Polearms       | 3 |  3.5
Stealth        | 3 |  3.4
Fighting       | 3 |  3.0
Armour         | |  0.4
Dodging        | |  2.8

Action                   |  1- 3 |  4- 6 || total
-------------------------+-------+-------++-------
Melee: Spear             |   118 |    39 ||   157
       Bite              |    25 |     5 ||    30
  Use: Scroll            |     2 |     4 ||     6
       Potion            |       |     1 ||     1
 Stab: Sleeping          |    16 |     2 ||    18
Armor: Leather armour    |    15 |     1 ||    16
Dodge: Dodged            |    42 |    11 ||    53
